HBL
COLORADO SPRINGS SKY FOX @ NAPERVILLE LAZY FISHERMAN
05/20/1997
 
TOP OF THE 1ST
Colorado Springs Sky Fox batting - Pitching for Naperville Lazy Fisherman : LHP Donovan Osborne
Pitching: LHP Donovan Osborne
Batting: LHB Brent Brede 0-0: Swinging Strike
0-1: Ball
1-1: Swinging Strike
1-2: Strikes out swinging
Batting: RHB Andujar Cedeno 0-0: Ball
1-0: DOUBLE (Line Drive, 9LM, EV 95.0 MPH)
Batting: RHB Bruce Aven 0-0: Ball
1-0: Fly out, F9 (Flyball, 9LSF, EV 90.6 MPH)
Batting: RHB Steve Pegues 0-0: Fly out, F8 (Flyball, 8RM, EV 94.4 MPH)
Top of the 1st over - 0 runs, 1 hit, 0 errors, 1 left on base; Colorado Springs 0 - Naperville 0
BOTTOM OF THE 1ST
Naperville Lazy Fisherman batting - Pitching for Colorado Springs Sky Fox : LHP Frank Viola
Pitching: LHP Frank Viola
Batting: SHB Denny Hocking 0-0: Called Strike
0-1: Ball
1-1: Ball
2-1: Foul Ball, location: 2F
2-2: Ball
3-2: SINGLE (Line Drive, 9S, EV 91.3 MPH)
Batting: RHB Gary Disarcina 0-0: Called Strike
0-1: Foul Ball, location: 2F
0-2: Foul Ball, location: 2F
0-2: Fly out, F5 (Popup, 5, EV 75.0 MPH)
Batting: SHB Felipe Crespo 0-0: Called Strike
0-1: Fly out, F8 (Flyball, 8RD, EV 101.9 MPH)
Batting: RHB Craig Worthington 0-0: Foul Ball, location: 2F
0-1: Foul Ball, location: 2F
0-2: Foul Ball, location: 2F
0-2: Ball
1-2: Ground out 4-3 (Groundball, 4, EV 85.0 MPH)
Bottom of the 1st over - 0 runs, 1 hit, 0 errors, 1 left on base; Colorado Springs 0 - Naperville 0
TOP OF THE 2ND
Colorado Springs Sky Fox batting - Pitching for Naperville Lazy Fisherman : LHP Donovan Osborne
Batting: LHB David Dellucci 0-0: Ball
1-0: Ball
2-0: Fly out, F9 (Flyball, 9D, EV 87.5 MPH)
Batting: RHB Julio Mosquera 0-0: Foul Ball, location: 2F
0-1: Ball
1-1: Called Strike
1-2: Foul Ball, location: 2F
1-2: Ground out 5-3 (Groundball, 56, EV 85.6 MPH)
Batting: RHB Lou Collier 0-0: Ball
1-0: Ball
2-0: Called Strike
2-1: Called Strike
2-2: Ball
3-2: Foul Ball, location: 2F
3-2: Strikes out looking
Top of the 2nd over - 0 runs, 0 hits, 0 errors, 0 left on base; Colorado Springs 0 - Naperville 0
BOTTOM OF THE 2ND
Naperville Lazy Fisherman batting - Pitching for Colorado Springs Sky Fox : LHP Frank Viola
Batting: RHB David Bell 0-0: DOUBLE (Flyball, 8LXD, EV 106.3 MPH)
Batting: RHB Gary Bennett 0-0: Ball
1-0: Ball
2-0: Called Strike
2-1: Foul Ball, location: 2F
2-2: Strikes out swinging
Batting: RHB Kent Anderson 0-0: DOUBLE (Flyball, 89D, EV 103.8 MPH)
David Bell scores
Batting: LHB Matt Luke 0-0: Ball
1-0: Foul Ball, location: 2F
1-1: Ball
2-1: Ball
3-1: Ground out 3-1 (Groundball, 3S, EV 88.8 MPH)
Kent Anderson to third
Batting: LHB Dan Peltier 0-0: Called Strike
0-1: Ball
1-1: SINGLE (Groundball, 4D, EV 100.0 MPH)
Kent Anderson scores
Batting: SHB Denny Hocking 0-0: Ball
1-0: Ball
2-0: Fly out, F7 (Flyball, 7D, EV 106.3 MPH)
Bottom of the 2nd over - 2 runs, 3 hits, 0 errors, 1 left on base; Colorado Springs 0 - Naperville 2
TOP OF THE 3RD
Colorado Springs Sky Fox batting - Pitching for Naperville Lazy Fisherman : LHP Donovan Osborne
Batting: RHB Hiroki Kokubo 0-0: Ball
1-0: Ball
2-0: Called Strike
2-1: Foul Ball, location: 2F
2-2: Foul Ball, location: 2F
2-2: Strikes out swinging
Batting: RHB Naoki Matoba 0-0: SINGLE (Line Drive, 8LS, EV 101.9 MPH)
Batting: LHB Brent Brede 0-0: Ball
1-0: Foul Ball, location: 2F
1-1: Ball
2-1: Ball
3-1: Foul Ball, location: 2F
3-2: Ground out 5-3 (Groundball, 56S, EV 73.8 MPH)
Naoki Matoba to second
Batting: RHB Andujar Cedeno 0-0: SINGLE (Line Drive, 9LM, EV 93.1 MPH)
Naoki Matoba to third
Runner from 3rd tries for Home, SAFE, throw by RF to home
Batting: RHB Bruce Aven 0-0: Foul Ball, location: 2F
0-1: Ball
1-1: Foul Ball, location: 2F
1-2: Strikes out looking
Top of the 3rd over - 1 run, 2 hits, 0 errors, 1 left on base; Colorado Springs 1 - Naperville 2
BOTTOM OF THE 3RD
Naperville Lazy Fisherman batting - Pitching for Colorado Springs Sky Fox : LHP Frank Viola
Batting: RHB Gary Disarcina 0-0: Fly out, F7 (Flyball, 7S, EV 93.1 MPH)
Batting: SHB Felipe Crespo 0-0: SINGLE (Groundball, 4MD, EV 97.5 MPH)
Batting: RHB Craig Worthington 0-0: Ball
1-0: Ball
2-0: Foul Ball, location: 2F
2-1: Foul Ball, location: 2F
2-2: Ball
3-2: SINGLE (Line Drive, 9S, EV 103.1 MPH)
Felipe Crespo to second
Batting: RHB David Bell 0-0: Ball
1-0: SINGLE (Groundball, 34, EV 82.5 MPH) (infield hit)
Felipe Crespo to third
Craig Worthington to second
Batting: RHB Gary Bennett 0-0: Foul Ball, location: 2F
0-1: Ball
1-1: Ball
2-1: DOUBLE (Line Drive, 7LS, EV 106.3 MPH)
Felipe Crespo scores
Craig Worthington scores
David Bell to third
Batting: RHB Kent Anderson 0-0: Fly out, F7 (Flyball, 7S, EV 86.3 MPH)
Batting: LHB Matt Luke 0-0: Ball
1-0: Foul Ball, location: 2F
1-1: Ball
2-1: Foul Ball, location: 2F
2-2: Ball
3-2: Foul Ball, location: 2F
3-2: Fly out, F9 (Flyball, 9D, EV 94.4 MPH)
Bottom of the 3rd over - 2 runs, 4 hits, 0 errors, 2 left on base; Colorado Springs 1 - Naperville 4
TOP OF THE 4TH
Colorado Springs Sky Fox batting - Pitching for Naperville Lazy Fisherman : LHP Donovan Osborne
Batting: RHB Steve Pegues 0-0: Fly out, F9 (Line Drive, 9, EV 96.3 MPH)
Batting: LHB David Dellucci 0-0: Ball
1-0: Ball
2-0: Ground out 5-3 (Groundball, 56S, EV 62.5 MPH)
Batting: RHB Julio Mosquera 0-0: Fly out, F7 (Flyball, 7LS, EV 92.5 MPH)
Top of the 4th over - 0 runs, 0 hits, 0 errors, 0 left on base; Colorado Springs 1 - Naperville 4
BOTTOM OF THE 4TH
Naperville Lazy Fisherman batting - Pitching for Colorado Springs Sky Fox : LHP Frank Viola
Batting: LHB Dan Peltier 0-0: Called Strike
0-1: Reached on error, E6 (Groundball, 56, EV 87.5 MPH)
Batting: SHB Denny Hocking 0-0: Ball
1-0: Ball
2-0: Ball
3-0: Called Strike
3-1: Called Strike
3-2: Foul Ball, location: 2F
3-2: Grounds into double play, 6-4-3 (Groundball, 6, EV 76.9 MPH)
Batting: RHB Gary Disarcina 0-0: Called Strike
0-1: Ground out 6-3 (Groundball, 6, EV 104.4 MPH)
Bottom of the 4th over - 0 runs, 0 hits, 1 error, 0 left on base; Colorado Springs 1 - Naperville 4
TOP OF THE 5TH
Colorado Springs Sky Fox batting - Pitching for Naperville Lazy Fisherman : LHP Donovan Osborne
Batting: RHB Lou Collier 0-0: Ball
1-0: Swinging Strike
1-1: Called Strike
1-2: Strikes out swinging
Batting: RHB Hiroki Kokubo 0-0: Called Strike
0-1: Foul Ball, location: 2F
0-2: Ball
1-2: Ground out 1-3 (Groundball, 13, EV 84.4 MPH)
Batting: RHB Naoki Matoba 0-0: Called Strike
0-1: Ball
1-1: Ground out 5-3 (Groundball, 56S, EV 61.9 MPH)
Top of the 5th over - 0 runs, 0 hits, 0 errors, 0 left on base; Colorado Springs 1 - Naperville 4
BOTTOM OF THE 5TH
Naperville Lazy Fisherman batting - Pitching for Colorado Springs Sky Fox : LHP Frank Viola
Batting: SHB Felipe Crespo 0-0: Ball
1-0: Ground out 4-3 (Groundball, 34, EV 103.8 MPH)
Batting: RHB Craig Worthington 0-0: Called Strike
0-1: SINGLE (Groundball, 6D, EV 110.0 MPH)
Batting: RHB David Bell 0-0: Called Strike
0-1: Ball
1-1: Called Strike
1-2: Foul Ball, location: 2F
1-2: Foul Ball, location: 2F
1-2: Fly out, F5 (Popup, 5L, EV 68.1 MPH)
Batting: RHB Gary Bennett 0-0: Swinging Strike
0-1: Ball
1-1: Ball
2-1: Ball
Wild Pitch!
Craig Worthington to second
3-1: Ground out 5-3 (Groundball, 56, EV 85.0 MPH)
Bottom of the 5th over - 0 runs, 1 hit, 0 errors, 1 left on base; Colorado Springs 1 - Naperville 4
TOP OF THE 6TH
Colorado Springs Sky Fox batting - Pitching for Naperville Lazy Fisherman : LHP Donovan Osborne
Batting: LHB Brent Brede 0-0: Called Strike
0-1: Called Strike
0-2: Ball
1-2: Fly out, F5 (Popup, 5SF, EV 86.9 MPH)
Batting: RHB Andujar Cedeno 0-0: Foul Ball, location: 2F
0-1: Ball
1-1: Foul Ball, location: 2F
1-2: Foul Ball, location: 2F
1-2: Ball
2-2: Strikes out swinging
Batting: RHB Bruce Aven 0-0: Ball
1-0: Ball
2-0: Foul Ball, location: 2F
2-1: DOUBLE (Flyball, 89XD, EV 93.1 MPH)
Batting: RHB Steve Pegues 0-0: Called Strike
0-1: Foul Ball, location: 2F
0-2: Ball
1-2: Foul Ball, location: 2F
1-2: Strikes out swinging
Top of the 6th over - 0 runs, 1 hit, 0 errors, 1 left on base; Colorado Springs 1 - Naperville 4
BOTTOM OF THE 6TH
Naperville Lazy Fisherman batting - Pitching for Colorado Springs Sky Fox : LHP Frank Viola
Batting: RHB Kent Anderson 0-0: Ball
1-0: Called Strike
1-1: Ball
2-1: SINGLE (Groundball, 4, EV 80.0 MPH) (infield hit)
Batting: LHB Matt Luke 0-0: Called Strike
0-1: Called Strike
0-2: Ball
1-2: Ball
2-2: Strikes out swinging
Batting: LHB Dan Peltier 0-0: Ball
1-0: Swinging Strike
1-1: Foul Ball, location: 2F
1-2: Fly out, F8 (Line Drive, 8LD, EV 98.1 MPH)
Batting: SHB Denny Hocking 0-0: Called Strike
0-1: Foul Ball, location: 2F
0-2: Ball
1-2: Foul Ball, location: 2F
1-2: Fly out, F6 (Flyball, 56D, EV 83.8 MPH)
Bottom of the 6th over - 0 runs, 1 hit, 0 errors, 1 left on base; Colorado Springs 1 - Naperville 4
TOP OF THE 7TH
Colorado Springs Sky Fox batting - Pitching for Naperville Lazy Fisherman : LHP Donovan Osborne
Batting: LHB David Dellucci 0-0: Ball
1-0: Fly out, F7 (Flyball, 78S, EV 88.1 MPH)
Batting: RHB Julio Mosquera 0-0: Swinging Strike
0-1: Ground out 4-3 (Groundball, 4, EV 86.3 MPH)
Batting: RHB Lou Collier 0-0: Ground out 1-3 (Groundball, P, EV 65.0 MPH)
Top of the 7th over - 0 runs, 0 hits, 0 errors, 0 left on base; Colorado Springs 1 - Naperville 4
BOTTOM OF THE 7TH
Naperville Lazy Fisherman batting - Pitching for Colorado Springs Sky Fox : LHP Frank Viola
Batting: RHB Gary Disarcina 0-0: SINGLE (Line Drive, 6D, EV 111.9 MPH)
Batting: SHB Felipe Crespo 0-0: Ball
1-0: Foul Ball, location: 2F
1-1: Fly out, F3 (Line Drive, 3, EV 60.6 MPH)
Batting: RHB Craig Worthington 0-0: Ball
1-0: Called Strike
1-1: Ball
2-1: Ball
3-1: Grounds into double play, 5-4-3 (Groundball, 5, EV 81.9 MPH)
Bottom of the 7th over - 0 runs, 1 hit, 0 errors, 0 left on base; Colorado Springs 1 - Naperville 4
TOP OF THE 8TH
Colorado Springs Sky Fox batting - Pitching for Naperville Lazy Fisherman : LHP Donovan Osborne
Batting: RHB Hiroki Kokubo 0-0: Ball
1-0: Foul Ball, location: 2F
1-1: Ball
2-1: Ball
3-1: SINGLE (Groundball, 56, EV 85.6 MPH) (infield hit)
Pinch Runner at 1st Ray Montgomery:
Batting: RHB Naoki Matoba 0-0: Swinging Strike
0-1: Swinging Strike
0-2: Foul Ball, location: 2F
0-2: Ball
1-2: Strikes out swinging
Batting: LHB Brent Brede 0-0: Called Strike
0-1: Ball
1-1: Foul Ball, location: 2F
1-2: Strikes out looking
Batting: RHB Andujar Cedeno 0-0: Ball
1-0: Fielders Choice at 2nd, 6-4 (Groundball, 6, EV 85.0 MPH)
Top of the 8th over - 0 runs, 1 hit, 0 errors, 1 left on base; Colorado Springs 1 - Naperville 4
BOTTOM OF THE 8TH
Naperville Lazy Fisherman batting - Pitching for Colorado Springs Sky Fox : LHP Frank Viola
Now at 2B: David Doster
Batting: RHB David Bell 0-0: Called Strike
0-1: Foul Ball, location: 2F
0-2: Ball
1-2: Ball
2-2: DOUBLE (Flyball, 78XD, EV 95.6 MPH)
Batting: RHB Gary Bennett 0-0: Called Strike
0-1: Called Strike
0-2: Ball
1-2: Foul Ball, location: 2F
1-2: Foul Ball, location: 2F
1-2: SINGLE (Groundball, 6MD, EV 95.6 MPH)
David Bell to third
Runner from 3rd tries for Home, SAFE, no throw by CF
Pitching: RHP Terry Adams
Batting: RHB Kent Anderson 0-0: Ball
1-0: Bunted foul
1-1: Sac Bunt to 2L - play at first, batter OUT! 2-4
Gary Bennett to second
Batting: LHB Matt Luke 0-0: Swinging Strike
0-1: Ball
1-1: Called Strike
1-2: SINGLE (Line Drive, 6D, EV 104.4 MPH)
Gary Bennett to third
Batting: LHB Dan Peltier 0-0: Foul Ball, location: 2F
0-1: Ball
1-1: Swinging Strike
1-2: Strikes out swinging
Batting: SHB Denny Hocking 0-0: SINGLE (Groundball, 34D, EV 103.1 MPH)
Gary Bennett scores
Matt Luke to second
Runner from 2nd tries for 3rd, SAFE, no throw by RF
Batting: RHB Gary Disarcina 0-0: Ball
Passed Ball!
Matt Luke scores
Denny Hocking to second
1-0: Ground out 1-3 (Groundball, 15S, EV 70.6 MPH)
Bottom of the 8th over - 3 runs, 4 hits, 0 errors, 1 left on base; Colorado Springs 1 - Naperville 7
TOP OF THE 9TH
Colorado Springs Sky Fox batting - Pitching for Naperville Lazy Fisherman : LHP Donovan Osborne
Batting: RHB Bruce Aven 0-0: Called Strike
0-1: Ball
1-1: Swinging Strike
1-2: Strikes out swinging
Batting: RHB Steve Pegues 0-0: Called Strike
0-1: Foul Ball, location: 2F
0-2: Ball
1-2: Ball
2-2: Strikes out looking
Batting: LHB David Dellucci 0-0: Swinging Strike
0-1: Called Strike
0-2: Ball
1-2: Ball
2-2: Ground out 6-3 (Groundball, 6, EV 85.6 MPH)
Top of the 9th over - 0 runs, 0 hits, 0 errors, 0 left on base; Colorado Springs 1 - Naperville 7
Thursday, February 12th, 2026 - OOTP Baseball 20.8 Build 74